 Dungeon Crawl Stone Soup version 0.31-a0-1589-g8f5e8aebd6 (webtiles) character file.

Game seed: 5546765352149145121

30 pokeman the Magician (level 3, 0/20 HPs)
             Began as a Deep Elf Hedge Wizard on Jan 5, 2024.
             Slain by a ribbon worm (3 damage)
             ... on level 2 of the Dungeon.
             The game lasted 00:01:55 (1325 turns).

pokeman the Magician (Deep Elf Hedge Wizard)        Turns: 1325, Time: 00:01:55

Health: 0/20       AC:  2    Str:  7    XL:     3   Next: 5%
Magic:  2/11       EV: 12    Int: 20    God:
Gold:   20         SH:  0    Dex: 14    Spells: 4/12 levels left

rFire   . . .        a - +0 dagger
rCold   . . .        (no shield)
rNeg    . . .        b - +0 robe
rPois   .            c - +0 hat
rElec   .            (no cloak)
rCorr   .            (no gloves)
SInv    .            (no boots)
Will    .....        (no amulet)
Stlth   ++           (no ring)
HPRegen 0.23/turn    (no ring)
MPRegen 0.12/turn

%: no passive effects
@: very slightly contaminated
A: no striking features
a: no special abilities


You were on level 2 of the Dungeon.
You visited 1 branch of the dungeon, and saw 2 of its levels.

You collected 20 gold pieces.

Inventory:

Hand Weapons
 a - a +0 dagger (weapon)
Armour
 b - a +0 robe (worn)
 c - a +0 hat (worn)
Magical Staves
 k - a staff of air
Scrolls
 e - a scroll of amnesia {unknown}
 f - 4 scrolls of identify {unknown}
 g - a scroll of noise {unknown}
 h - a scroll of brand weapon {unknown}
 i - a scroll of fog {unknown}
Potions
 d - a potion of magic
 l - a potion of cancellation {unknown}


   Skills:
 + Level 0.7 Fighting
 + Level 0.7 Armour
 - Level 2.4 Dodging
 - Level 2.4 Stealth
 * Level 5.1 Spellcasting
 + Level 1.7 Conjurations
 - Level 1.1 Summonings
 - Level 1.1 Translocations


You had 4 spell levels left.
You knew the following spells:

 Your Spells              Type           Power      Damage    Failure   Level
a - Magic Dart            Conj           48%        1d5       5%          1
b - Mephitic Cloud        Conj/Alch/Air  7%         N/A       26%         3
c - Call Imp              Summ           18%        N/A       11%         2
d - Blink                 Tloc           18%        N/A       11%         2

Your spell library contained the following spells:

 Spells                   Type           Power      Damage    Failure   Level
 Slow                     Hex            20%        N/A       12%         1
 Cigotuvi's Dreadful Rot  Necr/Alch/Air  10%        N/A       17%         2
 Summon Forest            Summ/Tloc      4%         N/A       90%         5
 Eringya's Noxious Bog    Alch           2%         4d6       100%        6
 Summon Hydra             Summ           4%         N/A       100%        7


Dungeon Overview and Level Annotations

Branches:
Dungeon (2/15)

Altars:

Shops:
D:1 *


Message History

You feel very sick.
Unknown command.
The web tears apart.
* * * LOW HITPOINT WARNING * * *
You feel very sick.
The ribbon worm is engulfed in noxious fumes.
The ribbon worm appears confused.
Unknown command.
It was a potion of heal wounds.
You feel much better.
You feel very sick.
The ribbon worm is engulfed in noxious fumes.
The ribbon worm appears confused.
You feel sick.
The ribbon worm bites itself.
You feel sick.
You feel sick.
You feel sick.
You hit the ribbon worm but do no damage.
The ribbon worm is lightly wounded.
You feel sick.
You feel sick.
You hit the ribbon worm.
The ribbon worm is lightly wounded.
You feel sick.
You hit the ribbon worm.
The ribbon worm is lightly wounded.
You feel sick.
You strike the helpless ribbon worm from behind!
You puncture the ribbon worm!
The ribbon worm is severely wounded.
You feel sick.
You are no longer poisoned.
The ribbon worm bites you.
* * * LOW HITPOINT WARNING * * *
You hit the ribbon worm but do no damage.
The ribbon worm is heavily wounded.
The ribbon worm barely misses you.
You hit the ribbon worm but do no damage.
The ribbon worm is heavily wounded.
The ribbon worm bites you.
You die...

##.### #.......# ...... #
##......###### ##.###
.#.#.#............# ##.#
.#......##...####.####
##.####>.......##...........#
.......####..##...#[...#.##.#
...................#..##.##.#
...##.#########w#.....##.##.#
...##...........@.$##....##.#
...##..#####....#..########.#
................<..# #.#
#####..#.###......## #.#
....†......#.####.# #.####
######..>...... #.# #....#
#........ #.# ###.##
######....##.#
#.###########.# ..).......# #
#.............#


You could see a ribbon worm (confused).

Vanquished Creatures
  An adder (D:2)
  A dart slug (D:1)
  3 ball pythons (D:1)
  2 giant cockroaches (D:1)
  A goblin (D:2)
  3 hobgoblins
  A bat (D:2)
  2 frilled lizards (D:1)
  3 kobolds (D:1)
  A rat (D:1)
18 creatures vanquished.

Notes
Turn   | Place    | Note
-------+----------+-------------------------------------------
     0 | D:1      | pokeman the Deep Elf Hedge Wizard began the quest for the
                  | Orb.
     0 | D:1      | Reached XP level 1. HP: 10/10 MP: 7/7
   201 | D:1      | Found Eckosausi's General Store.
   356 | D:1      | Reached XP level 2. HP: 16/16 MP: 2/9
  1257 | D:2      | Reached skill level 5 in Spellcasting
  1257 | D:2      | Reached XP level 3. HP: 20/20 MP: 6/11
  1261 | D:2      | Learned a level 3 spell: Mephitic Cloud
  1264 | D:2      | Learned a level 2 spell: Call Imp
  1267 | D:2      | Learned a level 2 spell: Blink
  1313 | D:2      | HP: 1/20 [poison]
  1325 | D:2      | Slain by a ribbon worm

Illustrated notes

Levels and vault maps discovered:
D:1:      dpeg_arrival_long_road, layout_basic, serial_shops, shop
D:2:      kennysheep_six_static_rooms, layout_basic

Skill      XL: |  1  2 |
---------------+-------+-----
Spellcasting   | 5 |  5.1
Fighting       | |  0.7
Armour         | |  0.7
Dodging        | |  2.4
Stealth        | |  2.4
Conjurations   | |  1.7
Summonings     | |  1.1
Translocations | |  1.1

Action                     || total
---------------------------++-------
  Melee: Dagger            ||     6
   Cast: Magic Dart        ||    48
         Mephitic Cloud    ||     1
    Use: Potion            ||     1
   Stab: Confused          ||     1
 Armour: Robe              ||     6
  Dodge: Dodged            ||     2

Table legend: (Time is in decaauts)
 A = Elapsed time spent in this place.
 B = Non-inter-level travel time spent in this place.
 C = Inter-level travel time spent in this place.
 D = Time resting spent in this place.
 E = Time spent auto-exploring this place.
 F = Levels seen in this place.
 G = Mean time per level.
                   A        B        C        D        E       F      G
               +--------+--------+--------+--------+--------+-----+--------+
         Total |   1325 |   1253 |     72 |      0 |   1121 |   2 |  662.5 |
       Dungeon |   1325 |   1253 |     72 |      0 |   1121 |   2 |  662.5 |
               +--------+--------+--------+--------+--------+-----+--------+

Top non-repeatable levels by time:
     D:1: 1012 daAuts
     D:2: 312 daAuts
